 Dungeon Crawl Stone Soup version 0.25.1-2-g60ff931df9 (webtiles) character file.

Game seed: 5019279207278328883

997 Forgol the Ducker (level 8, -5/67 HPs)
             Began as a Gnoll Monk on Sept 9, 2020.
             Was an Elder of Cheibriados.
             Slain by an orc warrior
             ... wielding a cursed -2 halberd
              (9 damage)
             ... on level 6 of the Dungeon.
             The game lasted 00:11:21 (4202 turns).

Forgol the Ducker (Gnoll Monk)                      Turns: 4202, Time: 00:11:22

Health: -5/67      AC:  5    Str: 26    XL:     8   Next: 19%
Magic:  12/12      EV: 19    Int: 21    God:    Cheibriados [****..]
Gold:   370        SH:  0    Dex: 30    Spells: 13/13 levels left

rFire    x . .     SeeInvis +   o - +0 trident (vamp)
rCold    + . .     Gourm    .   (no shield)
rNeg     . . .     Faith    .   h - +2 leather armour of Oshuit Beli {*Drain Str+2 Dex+2 SInv}
rPois    .         Spirit   .   (no helmet)
rElec    .         Reflect  .   (no cloak)
rCorr    .         Harm     .   (no gloves)
MR       .....                  (no boots)
Stlth    ++++......             (no amulet)
HPRegen  0.21/turn              e - ring of ice
MPRegen  0.13/turn              (no ring)

@: brilliant, very slow
A: distributed training, fangs 1, strong nose
a: Bend Time, Temporal Distortion, Slouch, Renounce Religion


You were on level 6 of the Dungeon.
You worshipped Cheibriados.
Cheibriados was greatly pleased with you.
You were not hungry.

You visited 1 branch of the dungeon, and saw 6 of its levels.

You collected 370 gold pieces.

Inventory:

Hand Weapons
 a - a +4 spear
 o - a +0 vampiric trident (weapon)
Armour
 h - the +2 leather armour of Oshuit Beli (worn) {*Drain Str+2 Dex+2 SInv}
   (You found it on level 5 of the Dungeon)

   It affects your strength (+2).
   It affects your dexterity (+2).
   It lets you see invisible.
   It causes draining when unequipped.
 s - a +1 chain mail
Jewellery
 e - a ring of ice (left hand)
 t - an uncursed amulet of magic regeneration {unknown}
Wands
 g - a wand of enslavement (8)
 j - a wand of polymorph (8)
Scrolls
 b - a scroll of amnesia
 m - 2 scrolls of fog
 u - 2 scrolls of remove curse
Potions
 d - a potion of flight {unknown}
 f - a potion of stabbing {unknown}
 i - a potion of berserk rage {unknown}
 k - a potion of haste {unknown}
 l - a potion of invisibility {unknown}
 n - a potion of heal wounds {unknown}
 p - 2 potions of magic
 q - a potion of brilliance
 r - a potion of curing {unknown}
Comestibles
 c - 9 rations


   Skills:
 + Level 7.2 Fighting
 + Level 3.0 Short Blades
 + Level 3.0 Long Blades
 + Level 3.0 Axes
 + Level 3.0 Maces & Flails
 + Level 7.2 Polearms
 + Level 3.0 Staves
 + Level 3.0 Slings
 + Level 3.0 Bows
 + Level 3.0 Crossbows
 + Level 3.0 Throwing
 + Level 3.0 Armour
 + Level 7.2 Dodging
 + Level 5.2 Stealth
 + Level 3.0 Shields
 + Level 3.0 Unarmed Combat
 + Level 3.0 Spellcasting
 + Level 2.4 Conjurations
 + Level 2.4 Hexes
 + Level 2.4 Charms
 + Level 2.4 Summonings
 + Level 2.4 Necromancy
 + Level 2.4 Translocations
 + Level 2.4 Transmutations
 + Level 2.4 Fire Magic
 + Level 2.4 Ice Magic
 + Level 2.4 Air Magic
 + Level 2.4 Earth Magic
 + Level 2.4 Poison Magic
 + Level 3.3 Invocations
 + Level 3.0 Evocations


You had 13 spell levels left.
You didn't know any spells.
Your spell library contained the following spells:

 Spells                   Type           Power        Failure   Level  Hunger
 Corona                   Hex            ###....      5%          1    None
 Ensorcelled Hibernation  Hex/Ice        ####..       9%          2    None
 Confusing Touch          Hex            ###.....     16%         3    None
 Dazzling Flash           Conj/Hex       ###...       16%         3    None
 Tukima's Dance           Hex            ###.....     16%         3    None


Dungeon Overview and Level Annotations

Branches:
Dungeon (6/15)             Temple (0/1) D:5

Altars:
Cheibriados
Ru
Trog
Uskayaw


Innate Abilities, Weirdness & Mutations

Your experience applies equally to all skills.
You have very sharp teeth.
Your uncanny sense of smell can sniff out nearby items.


Message History

You are too injured to fight recklessly!
You are too injured to fight recklessly!
You are too injured to fight recklessly!
You are too injured to fight recklessly!
You are too injured to fight recklessly!
Attack whom?
Press: ? - help, Dir - move target cursor, f/p - orc warrior
Aim: an orc warrior, wielding a -2 halberd and wearing a +0 plate armour (moderately wounded)
You reach to attack!
You closely miss the orc warrior.
The orc warrior is moderately wounded.
The orc warrior hits you from afar with a cursed -2 halberd!!
* * * LOW HITPOINT WARNING * * *
It was a potion of brilliance.
You feel clever all of a sudden.
Okay, then.
The orc warrior completely misses you. The orc warrior misses you.
All of the chunks of flesh in your inventory have rotted away.
The orc warrior hits you from afar with a cursed -2 halberd!
You die...

##########
........### #..
.....# #.#####.#.#
#..@......##########
##o#####.............
#....# ###.###.#####.
#..#.# #.# #.# #.
#).#.# #.# #[# #.
#).# # #.# #.# #.
#... #.###.# #. #..##
....#.# #. #.#.
###.#.# #.


You could see an orc warrior.

Vanquished Creatures
  Grinder (D:5)
  A phantom (D:4)
  Blork the orc (D:6)
  A water moccasin zombie (D:5)
  4 hounds
  2 orc priests (D:4)
  3 orc wizards
  An iguana (D:4)
  3 worker ants
  Ijyb (D:5)
  Robin (D:2)
  7 adders
  2 shadow imps (D:6)
  An ooze (D:1)
  3 worms
  3 dart slugs
  3 leopard geckos
  16 orcs
  2 ball pythons (D:1)
  7 bats
  4 giant cockroaches
  12 goblins
  4 hobgoblins
  8 jackals
  9 kobolds
  2 quokkas
  A frilled lizard (D:3)
  A leopard gecko skeleton (D:4)
  2 rats
106 creatures vanquished.

Vanquished Creatures (others)
  A wizard (D:4)
1 creature vanquished.

Grand Total: 107 creatures vanquished

Notes
Turn   | Place    | Note
-------+----------+-------------------------------------------
     0 | D:1      | Forgol the Gnoll Monk began the quest for the Orb.
     0 | D:1      | Reached XP level 1. HP: 23/23 MP: 1/1
    97 | D:1      | Reached XP level 2. HP: 29/29 MP: 2/2
   343 | D:1      | Reached XP level 3. HP: 32/35 MP: 3/3
   862 | D:2      | Reached skill level 1 in Invocations
  1205 | D:2      | Reached skill level 1 in Short Blades
  1205 | D:2      | Reached skill level 1 in Long Blades
  1205 | D:2      | Reached skill level 1 in Axes
  1205 | D:2      | Reached skill level 1 in Maces & Flails
  1205 | D:2      | Reached skill level 1 in Staves
  1205 | D:2      | Reached skill level 1 in Slings
  1205 | D:2      | Reached skill level 1 in Bows
  1205 | D:2      | Reached skill level 1 in Crossbows
  1205 | D:2      | Reached skill level 1 in Throwing
  1205 | D:2      | Reached skill level 1 in Armour
  1205 | D:2      | Reached skill level 1 in Shields
  1205 | D:2      | Reached skill level 1 in Unarmed Combat
  1205 | D:2      | Reached skill level 1 in Spellcasting
  1205 | D:2      | Reached skill level 1 in Evocations
  1206 | D:2      | Noticed Robin
  1224 | D:2      | Reached XP level 4. HP: 40/41 MP: 5/5
  1255 | D:2      | Found a snail-covered altar of Cheibriados.
  1255 | D:2      | Found a sacrificial altar of Ru.
  1259 | D:2      | Found a hide-covered altar of Uskayaw.
  1271 | D:2      | Became a worshipper of Cheibriados the Contemplative
  1271 | D:2      | Reached * piety under Cheibriados
  1271 | D:2      | Reached ** piety under Cheibriados
  1329 | D:2      | Killed Robin
  1647 | D:3      | Reached skill level 1 in Conjurations
  1647 | D:3      | Reached skill level 1 in Hexes
  1647 | D:3      | Reached skill level 1 in Charms
  1647 | D:3      | Reached skill level 1 in Summonings
  1647 | D:3      | Reached skill level 1 in Necromancy
  1647 | D:3      | Reached skill level 1 in Translocations
  1647 | D:3      | Reached skill level 1 in Transmutations
  1647 | D:3      | Reached skill level 1 in Fire Magic
  1647 | D:3      | Reached skill level 1 in Ice Magic
  1647 | D:3      | Reached skill level 1 in Air Magic
  1647 | D:3      | Reached skill level 1 in Earth Magic
  1647 | D:3      | Reached skill level 1 in Poison Magic
  1702 | D:3      | Reached XP level 5. HP: 33/47 MP: 6/6
  2430 | D:4      | Reached *** piety under Cheibriados
  2547 | D:4      | Reached XP level 6. HP: 53/53 MP: 8/8
  2599 | D:4      | Found a bloodstained altar of Trog.
  2600 | D:4      | Noticed a wizard
  2605 | D:4      | Killed a wizard
  2749 | D:4      | Noticed a phantom
  2773 | D:4      | Killed a phantom
  3151 | D:5      | Entered Level 5 of the Dungeon
  3193 | D:5      | Noticed Ijyb
  3200 | D:5      | Killed Ijyb
  3200 | D:5      | Reached XP level 7. HP: 59/59 MP: 10/10
  3252 | D:5      | Found a staircase to the Ecumenical Temple.
  3294 | D:5      | Got a glimmering leather armour
  3325 | D:5      | Reached **** piety under Cheibriados
  3551 | D:5      | Noticed Grinder
  3567 | D:5      | Killed Grinder
  3567 | D:5      | Reached skill level 5 in Stealth
  3578 | D:5      | Identified the +2 leather armour of Oshuit Beli {*Drain
                  | Str+2 Dex+2 SInv} (You found it on level 5 of the Dungeon)
  3992 | D:6      | Noticed Blork the orc
  4001 | D:6      | Killed Blork the orc
  4001 | D:6      | Reached XP level 8. HP: 63/67 MP: 12/12
  4196 | D:6      | HP: 2/67 [orc warrior/cursed -2 halberd (27)]
  4202 | D:6      | Slain by an orc warrior

Illustrated notes

Levels and vault maps discovered:
D:1:      minmay_arrival_glassed_features, layout_loops_ring, amethyst_killhole
D:2:      layout_loops_ring, gammafunk_temple_overflow_forgotten, first_ration,
          corexii_shack, uniq_robin
D:3:      layout_rooms
D:4:      layout_loops_ring, trog_wizard
D:5:      layout_basic, minmay_temple_entry_statues_fountains, uniq_grinder,
          uniq_ijyb
D:6:      layout_loops_ring, led_sif_pool, ebering_ghost_xom,
          minmay_misc_feat_hallway, uniq_blork_the_orc

Skill      XL: |  1  2  3  4  5  6  7  8 |
---------------+-------------------------+-----
Invocations    | 1 2 3 |  3.3
Short Blades   | 1 2 3 |  3.0
Long Blades    | 1 2 3 |  3.0
Axes           | 1 2 3 |  3.0
Maces & Flails | 1 2 3 |  3.0
Staves         | 1 2 3 |  3.0
Slings         | 1 2 3 |  3.0
Bows           | 1 2 3 |  3.0
Crossbows      | 1 2 3 |  3.0
Throwing       | 1 2 3 |  3.0
Armour         | 1 2 3 |  3.0
Shields        | 1 2 3 |  3.0
Unarmed Combat | 1 2 3 |  3.0
Spellcasting   | 1 2 3 |  3.0
Evocations     | 1 2 3 |  3.0
Conjurations   | 1 2 |  2.4
Hexes          | 1 2 |  2.4
Charms         | 1 2 |  2.4
Summonings     | 1 2 |  2.4
Necromancy     | 1 2 |  2.4
Translocations | 1 2 |  2.4
Transmutations | 1 2 |  2.4
Fire Magic     | 1 2 |  2.4
Ice Magic      | 1 2 |  2.4
Air Magic      | 1 2 |  2.4
Earth Magic    | 1 2 |  2.4
Poison Magic   | 1 2 |  2.4
Fighting       | 7 |  7.2
Polearms       | 7 |  7.2
Dodging        | 7 |  7.2
Stealth        | 5 |  5.2

Action                   |  1- 3 |  4- 6 |  7- 9 || total
-------------------------+-------+-------+-------++-------
Melee: Spear             |    94 |   157 |    56 ||   307
       Bite              |     7 |    14 |    16 ||    37
       Punch             |       |     1 |     3 ||     4
       Trident           |       |       |    49 ||    49
  Use: Scroll            |     7 |     8 |     1 ||    16
       Potion            |       |       |     1 ||     1
 Stab: Sleeping          |     9 |    14 |     3 ||    26
  Eat: Chunk             |     1 |     3 |     2 ||     6
Armor: Robe              |     9 |     5 |       ||    14
       Chain mail        |       |     1 |     8 ||     9
       Leather armour    |       |       |     4 ||     4
Dodge: Dodged            |    39 |    66 |    61 ||   166
